Map: Eternal Empire LE

Players

nick - Winner!

  • Race: Terran Terran
  • League: Platinum
  • Spawn Location: 1:00

flyrev

  • Race: Terran Terran
  • League: Gold
  • Spawn Location: 7:00

VOD

Have the link to the VOD?

Description

Time

  • Played on: April 19, 2020, 3:40 p.m.
  • Length: 16:24
Show
View Real Time Build Order
Export as new Build Order

nick Terran - Winner!

Build Orders:  

Get SALT Encoding   

  12  0:03  SCV  
  13  0:15  SCV  
  13  0:21  Supply Depot  
  14  0:27  SCV  
  16  0:42  SCV  
  16  0:43  Barracks  
  16  0:47  Refinery  
  16  0:55  SCV  
  17  1:21  Supply Depot  
  17  1:23  SCV  
  18  1:35  Barracks Tech Lab  
  18  1:42  SCV  
  19  1:54  Marine  
  20  1:58  Refinery  
  20  2:05  Factory  
  20  2:15  Marauder  
  22  2:36  Orbital Command  
  22  2:45  Barracks  
  22  2:46  Marine  
  23  2:55  Factory Tech Lab  
  23  3:01  Starport  
  23  3:04  Marine  
  24  3:15  Siege Tank  
  27  3:22  Marine  
  28  3:28  SCV  
  28  3:33  Supply Depot  
  29  3:40  Marine, Starport Reactor  
  30  3:42  SCV  
  30  3:45  Barracks Reactor  
  31  4:00  Siege Tank  
  34  4:09  Supply Depot  
  34  4:21  Medivac  
  34  4:24  Marine x2  
  37  4:25  Marine  
  37  4:31  Medivac  
  41  4:32  Supply Depot  
  41  4:41  Marine  
  41  4:43  SCV  
  43  4:50  Marine  
  43  4:51  Marine, Medivac  
  47  4:56  Supply Depot  
  47  5:04  Engineering Bay, Marine  
  47  5:19  Medivac  
  45  5:59  Siege Tank  
  42  7:14  Marine x2, Marauder  
  46  7:36  Marauder  
  48  7:57  Marine x3  
  45  8:15  Marine x2  
  47  9:04  SCV  
  47  9:07  Marine, Command Center  
  47  9:08  Marine x2  
  51  9:12  Supply Depot  
  51  9:14  Supply Depot  
  51  9:16  SCV  
  52  9:21  Starport Tech Lab  
  52  9:25  Marine  
  52  9:26  Marine x2  
  52  9:28  SCV  
  52  9:30  Siege Tank  
  59  9:37  Stimpack  
  59  9:40  SCV  
  59  9:43  Marine x2  
  59  9:44  Marine  
  63  9:53  SCV  
  64  10:00  Marine  
  64  10:01  Marine  
  66  10:10  Marine  
  67  10:18  Marine  
  67  10:19  Marine  
  68  10:28  Marine  
  69  10:36  Marine  
  69  10:37  Marine  
  71  10:46  Marine  
  72  10:54  Marauder  
  72  10:55  Marine  
  74  11:03  Marine  
  75  11:12  Marine  
  75  11:15  Marine  
  77  11:21  Marine  
  77  11:30  Marine  
  77  11:33  Marine  
  78  11:47  Marine  
  78  11:48  Marine  
  78  11:51  Marine  
  69  12:05  Marine  
  69  12:06  Marine  
  60  12:09  Marine  
  59  12:22  Marine  
  59  12:24  Marine  
  59  12:27  Marauder  
  60  12:30  Medivac  
  62  12:44  Marine x2  
  62  12:46  Siege Tank  
  62  12:48  Marauder  
  69  13:00  Medivac  
  69  13:02  Orbital Command  
  71  13:18  Siege Tank  
  74  13:26  Command Center  
  74  13:30  Medivac  
  76  14:00  Medivac  
  77  14:05  Siege Tank  
  71  14:30  Medivac  
  70  15:00  Medivac  
Show
View Real Time Build Order
Export as new Build Order

flyrev Terran 

Build Orders:  

Get SALT Encoding   

  12  0:00  SCV  
  13  0:13  SCV  
  14  0:24  Supply Depot  
  14  0:25  SCV  
  15  0:45  SCV  
  15  0:48  Barracks  
  16  0:57  SCV, Refinery  
  17  1:09  SCV  
  18  1:22  SCV  
  19  1:34  SCV  
  20  1:41  Reaper  
  21  1:50  Command Center  
  22  1:54  SCV  
  22  2:06  Orbital Command  
  22  2:13  Barracks Reactor  
  22  2:33  SCV, Supply Depot  
  23  2:39  Refinery  
  23  2:41  Factory  
  23  2:55  SCV  
  23  2:56  Marine x2  
  26  3:03  Orbital Command  
  26  3:07  SCV  
  27  3:14  Marine x2  
  27  3:19  SCV  
  30  3:27  Factory Reactor  
  30  3:30  SCV, Starport  
  30  3:31  SCV  
  30  3:33  Marine x2  
  34  3:42  SCV  
  34  3:43  Supply Depot, SCV  
  36  3:52  Marine x2  
  36  3:55  SCV x2  
  39  3:58  Refinery  
  39  4:01  Refinery  
  40  4:04  Widow Mine x2  
  40  4:07  SCV x2  
  40  4:09  Marine  
  46  4:10  Supply Depot, Medivac  
  49  4:19  SCV  
  49  4:20  SCV  
  51  4:26  Widow Mine  
  51  4:31  Marine x2  
  54  4:32  SCV x2, Widow Mine  
  54  4:34  Supply Depot  
  59  4:41  Starport Tech Lab  
  59  4:44  SCV x2  
  61  4:52  Supply Depot, Marine  
  62  4:55  Marine  
  62  4:56  SCV  
  62  4:58  Supply Depot  
  64  5:00  SCV  
  65  5:07  Engineering Bay  
  65  5:08  SCV  
  65  5:10  Marine  
  65  5:13  Marine  
  68  5:15  SCV  
  68  5:17  Supply Depot  
  68  5:20  SCV, Widow Mine x2  
  68  5:21  Supply Depot, Banshee  
  74  5:22  Cloaking Field  
  74  5:28  SCV  
  78  5:29  Supply Depot  
  78  5:32  SCV  
  79  5:52  SCV x2, Marine x2  
  79  5:53  Widow Mine x2  
  87  5:57  Supply Depot  
  87  6:04  SCV x2, Viking  
  89  6:10  Marine x2  
  93  6:39  SCV x2  
  76  7:00  Marine  
  76  7:01  Marine  
  40  7:55  Supply Depot  
  37  8:09  Barracks  
  37  8:11  Barracks  
  35  8:13  Barracks  
  35  8:14  Refinery  
  35  8:16  Command Center  
  33  8:23  Refinery  
  29  8:42  Supply Depot  
  29  8:45  Command Center  
  28  8:57  Command Center  
  27  9:04  Marine x3  
  27  9:08  Supply Depot  
  30  9:22  Marine x3  
  33  9:33  Engineering Bay  
  33  9:39  Marine  
  33  9:40  Marine x2  
  36  9:57  Marine x2  
  36  9:58  Marine  
  37  10:09  Planetary Fortress  
  37  10:15  Marine x3  
  37  10:17  Factory  
  37  10:18  Factory, Planetary Fortress  
  37  10:19  Factory  
  37  10:21  Refinery  
  38  10:22  Refinery  
  38  10:27  Hi-Sec Auto Tracking  
  38  10:28  Planetary Fortress  
  38  10:39  Marine x3  
  41  10:51  SCV  
  42  10:57  Marine x3  
  45  11:11  Factory Tech Lab x2  
  45  11:15  SCV  
  43  11:38  Siege Tank  
  43  11:39  Factory Tech Lab  
  46  11:40  Widow Mine  
  48  11:49  SCV x2  
  47  12:09  SCV  
  48  12:21  SCV  
  48  12:34  SCV, Siege Tank  
  52  12:41  SCV  
  52  12:42  SCV  
  54  12:45  Barracks Reactor x2  
  54  12:46  SCV  
  54  12:48  Barracks Reactor  
  55  12:57  SCV  
  56  13:00  Refinery  
  56  13:01  SCV  
  56  13:03  SCV  
  58  13:13  Siege Tank  
  61  13:22  Supply Depot  
  61  13:40  Starport  
  60  14:07  Command Center  
  39  15:06  Hellion x2  
  41  15:09  SCV, Hellion  
  41  15:10  SCV  
  45  15:18  Medivac  
  47  15:21  SCV  
  47  15:22  SCV  
  49  15:30  Hellion  
  49  15:33  Hellion  
Tags
 
Add a new tag
Caveats
  • Supply blocks, unpowered buildings, or Contaminate may cause inaccurate times.
  • Supply counts are checked every 10 seconds.